 Dungeon Crawl Stone Soup version 0.24-a0-640-ge7cd8ce796 (webtiles) character file.

Game seed: 4165640271066171709, levelgen mode: deterministic

8245 AntidotE the Carver (level 11, -5/111 HPs)
             Began as a Halfling Hunter on Sept 23, 2019.
             Was an Elder of Vehumet.
             Slain by a spiny frog (13 damage)
             ... on level 1 of the Lair of Beasts on Sept 24, 2019.
             The game lasted 01:35:37 (10536 turns).

AntidotE the Carver (Halfling Hunter)              Turns: 10536, Time: 01:35:39

Health: -5/111     AC: 26    Str: 19    XL:     11   Next: 52%
Magic:  11/11      EV: 10    Int:  9    God:    Vehumet [****..]
Gold:   507        SH:  0    Dex: 20    Spells: 10/10 levels left

rFire    . . .     SeeInvis .   r - +2 long sword (flame)
rCold    + + .     Gourm    .   (shield restricted)
rNeg     . . .     Faith    .   g - +13 plate armour "Ijafi" {Regen+}
rPois    .         Spirit   .   (no helmet)
rElec    .         Reflect  .   (no cloak)
rCorr    .         Harm     +   (no gloves)
MR       .....                  (no boots)
Stlth    ..........             C - amulet of the Lobster {Harm *Drain +Blink Dex+2}
HPRegen  0.68/turn              h - ring of protection from cold
MPRegen  0.12/turn              B - ring of protection from cold

@: berserking, lethally poisoned (-5 -> -5), very quick
A: small, mutation resistance 1
a: Renounce Religion, Evoke Blink


You were on level 1 of the Lair of Beasts.
You worshipped Vehumet.
Vehumet was greatly pleased with you.
You were not hungry.

You visited 2 branches of the dungeon, and saw 11 of its levels.

You collected 507 gold pieces.

Inventory:

Hand Weapons
 a - a +1 hunting sling
 q - a +2 dagger of holy wrath
 r - a +2 long sword of flaming (weapon)
 v - a +0 mace of protection
 w - a +0 dagger of electrocution
Missiles
 d - 63 sling bullets (quivered)
 o - 129 stones
Armour
 c - a +1 leather armour
 g - the +13 plate armour "Ijafi" (worn) {Regen+}
   (You found it on level 4 of the Dungeon)

   It increases your rate of regeneration.
 m - the +9 plate armour of the Stars {Str-5 Dex+7, unknown}
   (You found it on level 7 of the Dungeon)

   It affects your strength (-5).
   It affects your dexterity (+7).
Magical Staves
 A - an uncursed staff of death {unknown}
 D - an uncursed staff of power {unknown}
 E - an uncursed staff of poison {unknown}
Jewellery
 e - an uncursed amulet of regeneration {unknown}
 h - a ring of protection from cold (left hand)
 p - a +2 ring of slaying
 s - an uncursed amulet of faith {unknown}
 B - a ring of protection from cold (right hand)
 C - the amulet of the Lobster (around neck) {Harm *Drain +Blink Dex+2}
   (You found it on level 1 of the Lair of Beasts)

   [amulet of harm]

   It increases damage dealt and taken.
   It affects your dexterity (+2).
   It lets you blink.
   It causes draining when unequipped.
 F - an uncursed ring of protection from fire {unknown}
 J - an uncursed ring of flight {unknown}
Wands
 n - a wand of acid (6)
 x - a wand of paralysis (12)
 G - a wand of digging (6)
Scrolls
 i - a scroll of noise {unknown}
 j - 4 scrolls of vulnerability {unknown}
 l - a scroll of blinking {unknown}
 u - a scroll of amnesia
 y - 2 scrolls of identify
 z - a scroll of immolation {unknown}
 I - 4 scrolls of teleportation
 L - 3 scrolls of remove curse
 N - 3 scrolls of magic mapping {unknown}
 O - 2 scrolls of fear
Potions
 t - 2 potions of lignification
 K - a potion of invisibility
Comestibles
 f - 9 rations


   Skills:
 + Level 6.5 Fighting
 + Level 4.1(9.6) Short Blades
 + Level 11.3(11.5) Long Blades
 + Level 8.2(9.3) Slings
 + Level 4.7(6.0) Throwing
 + Level 7.7 Armour
 + Level 3.6 Dodging
 + Level 2.5 Stealth


You had 10 spell levels left.
You didn't know any spells.
Your spell library contained the following spells:

 Spells                   Type           Power        Failure   Level  Hunger
 Lightning Bolt           Conj/Air       #.........   100%        5    ######.
 Confusing Touch          Hex            #.....       100%        1    ##.....
 Confuse                  Hex            #.......     100%        3    ####...
 Gell's Gravitas          Tloc           #.........   100%        3    ####...
 Petrify                  Tmut/Erth      #.......     100%        4    #####..
 Metabolic Englaciation   Hex/Ice        #.........   100%        5    ######.
 Yara's Violent Unravell  Hex/Tmut       #.........   100%        5    ######.


Dungeon Overview and Level Annotations

Branches:
Dungeon (10/15)            Temple (0/1) D:7            Lair (1/6) D:8
    Orc: D:9-12

Altars:
Hepliaklqana
Makhleb
Vehumet
Wu Jian

Annotations:
Lair:1 1 transporter, Jabberih's ghost, journeyman HOMo


Innate Abilities, Weirdness & Mutations

You are small and have problems with some larger weapons.
You are somewhat resistant to further mutation.


Message History

You hear a croak.
You are too berserk!
You are too berserk!
You closely miss the spiny frog.
The spiny frog is lightly wounded.
You hear a croak.
The spiny frog stings you but does no damage.
The moth of wrath bites you.
* * * LOW HITPOINT WARNING * * *
You hit the spiny frog but do no damage.
The spiny frog is lightly wounded.
You feel sick.
The spiny frog stings you but does no damage.
You hit the yak. You burn the yak.
The yak is lightly wounded.
You feel sick. The yak gores you.
* * * LOW HITPOINT WARNING * * *
The moth of wrath bites you but does no damage.
The spiny frog stings you!
You die...

# #####..#..#..........####.. #
#.#.......#..........####.#
##...#####..............(..#
#..###...###................
#.##.......#.......!.####... #
####.#..#.#...#........## ##..
###.##.#..#.#...#.......#######..
.......##....Y#y##..##.###.##.#..
.####...#).#W.F#@#..#............
## #..©#=".©#WFY#.....#.###†#...
#...#!#.....##.....### #.##..
#..##[#...#.#©.....# #.##.. #..#
.#.##..##..#..## #..#.. ##.# #..
#..©#.##...# ##.#...
#.##..#....##.##..####...#..
#..#......##.............#..
#######.##!#####.................


You could see a moth of wrath, a yak (berserk), a spiny frog (berserk) and
Jabberih's ghost.

Vanquished Creatures
  Harold (D:8)
  3 death yaks
  A moth of wrath (Lair:1)
  3 hippogriffs
  4 yaks
  3 hogs (D:7)
  A human (D:7)
  A water moccasin (Lair:1)
  3 porcupines (Lair:1)
  3 orc warriors
  An ice beast (D:6)
  2 black bears (D:7)
  2 phantoms
  An eye of draining (D:8)
  A necrophage (D:7)
  2 ogres
  A centaur (D:7)
  7 bullfrogs
  An elf skeleton (D:6)
  A water moccasin zombie (D:8)
  2 scorpions
  A howler monkey (D:8)
  A centaur zombie (D:5)
  5 crimson imps
  7 hounds
  A jelly (D:7)
  3 orc priests
  2 human zombies (D:6)
  A centaur skeleton (D:6)
  4 orc wizards
  2 bullfrog skeletons
  A human skeleton (D:6)
  3 iguanas
  7 worker ants
  2 worker ant zombies
  4 gnolls (D:8)
  3 river rats (D:8)
  11 adders
  4 shadow imps
  An ooze (D:1)
  An adder skeleton (D:6)
  2 worms
  5 dart slugs
  11 leopard geckos
  20 orcs
  5 giant cockroaches
  6 goblins
  4 hobgoblins
  5 jackals (D:1)
  4 kobolds
  7 quokkas
  A ball python zombie (D:5)
  4 bats
  8 frilled lizards
  A jackal skeleton (D:3)
  An orc skeleton (D:6)
  An orc zombie (D:6)
  13 rats
  7 fungi (Lair:1)
  10 plants (Lair:1)
223 creatures vanquished.

Notes
Turn   | Place    | Note
-------+----------+-------------------------------------------
     0 | D:1      | AntidotE the Halfling Hunter began the quest for the Orb.
     0 | D:1      | Reached XP level 1. HP: 14/14 MP: 1/1
    69 | D:1      | Reached XP level 2. HP: 19/19 MP: 2/2
   289 | D:2      | Reached XP level 3. HP: 21/24 MP: 3/3
   832 | D:2      | Found a radiant altar of Vehumet.
   832 | D:2      | Found a hazy altar of Hepliaklqana.
   950 | D:2      | Became a worshipper of Vehumet
   966 | D:2      | Reached XP level 4. HP: 29/29 MP: 4/4
  1029 | D:2      | Reached skill level 1 in Armour
  1061 | D:2      | Reached skill level 1 in Short Blades
  1289 | D:2      | HP: 2/43 [poisoned by an adder]
  1811 | D:2      | Reached XP level 5. HP: 34/34 MP: 5/5
  2861 | D:4      | Noticed an ogre
  2874 | D:4      | Killed an ogre
  2874 | D:4      | Reached skill level 1 in Throwing
  2874 | D:4      | Reached XP level 6. HP: 41/41 MP: 6/6
  3704 | D:3      | Reached * piety under Vehumet
  3704 | D:3      | Offered knowledge of Shock by Vehumet.
  3982 | D:5      | Entered Level 5 of the Dungeon
  4036 | D:3      | Reached XP level 7. HP: 11/45 MP: 7/7
  4340 | D:3      | Found an ornate altar of the Wu Jian Council.
  4862 | D:4      | Got an ancient plate armour
  4873 | D:4      | Identified the +13 plate armour "Ijafi" {Regen+} (You found
                  | it on level 4 of the Dungeon)
  5339 | D:4      | HP: 1/45 [something (6)]
  6019 | D:5      | Reached skill level 1 in Long Blades
  6019 | D:5      | Reached XP level 8. HP: 46/52 MP: 8/8
  6065 | D:5      | Found a burning altar of Makhleb.
  6068 | D:5      | Noticed a cacodemon
  6072 | D:5      | Noticed a ynoxinul
  6072 | D:5      | Noticed a hellwing
  6120 | D:5      | Reached skill level 2 in Long Blades
  6209 | D:5      | Offered knowledge of Throw Frost by Vehumet.
  6306 | D:5      | Reached ** piety under Vehumet
  6344 | D:6      | Reached skill level 3 in Long Blades
  6353 | D:6      | HP: 1/52 [orc warrior/+0 halberd (16)]
  6463 | D:5      | HP: 2/52 [orc warrior/+0 halberd (8)]
  6803 | D:6      | Reached skill level 4 in Long Blades
  6820 | D:6      | Reached skill level 5 in Armour
  6820 | D:6      | Reached XP level 9. HP: 36/58 MP: 9/9
  6963 | D:6      | Reached skill level 5 in Long Blades
  7559 | D:7      | Reached skill level 6 in Long Blades
  7605 | D:7      | Noticed a hippogriff
  7617 | D:7      | Killed a hippogriff
  7791 | D:7      | Got a distressingly furry plate armour
  7800 | D:7      | Offered knowledge of Conjure Flame by Vehumet.
  7875 | D:7      | Found a staircase to the Ecumenical Temple.
  7977 | D:7      | Reached skill level 7 in Long Blades
  8036 | D:7      | Reached XP level 10. HP: 53/65 MP: 10/10
  8048 | D:7      | Reached skill level 8 in Long Blades
  8222 | D:7      | Reached *** piety under Vehumet
  8422 | D:10     | Entered Level 10 of the Dungeon
  8447 | D:8      | Reached skill level 5 in Fighting
  8486 | D:8      | Reached skill level 9 in Long Blades
  8530 | D:8      | Offered knowledge of Fulminant Prism by Vehumet.
  8558 | D:8      | Upgraded the game from 0.24-a0-639-gb70a11d811 to
                  | 0.24-a0-640-ge7cd8ce796
  8762 | D:8      | Noticed a death yak
  8763 | D:8      | Noticed a death yak
  8771 | D:8      | Noticed a death yak
  8790 | D:8      | Killed a death yak
  8857 | D:9      | Killed a death yak
  8937 | D:8      | Reached skill level 10 in Long Blades
  9088 | D:8      | Killed a death yak
  9088 | D:8      | Reached XP level 11. HP: 25/72 MP: 11/11
  9179 | D:8      | Found a staircase to the Lair.
  9255 | D:8      | Reached **** piety under Vehumet
  9316 | D:8      | Noticed Harold
  9354 | D:8      | Killed Harold
  9595 | Lair:1   | Entered Level 1 of the Lair of Beasts
  9627 | Lair:1   | Got a faintly glowing graven amulet
  9628 | Lair:1   | Identified the amulet of the Lobster {Harm *Drain +Blink
                  | Dex+2} (You found it on level 1 of the Lair of Beasts)
  9663 | Lair:1   | Offered knowledge of Lightning Bolt by Vehumet.
  9696 | Lair:1   | Reached skill level 11 in Long Blades
  9869 | Lair:1   | Found a transporter.
  9881 | Lair:1   | Noticed Jabberih's ghost (journeyman HOMo)
  9882 | Lair:1   | Noticed a moth of wrath
  9883 | Lair:1   | Noticed a moth of wrath
  9909 | Lair:1   | Found a transporter.
 10533 | Lair:1   | Killed a moth of wrath
 10536 | Lair:1   | Slain by a spiny frog

Levels and vault maps discovered:
D:1:      ncdulo_wetmaze, layout_loops_ring, minmay_crystal_room
D:2:      minmay_evil_eye, layout_basic, gammafunk_temple_overflow_wave
D:3:      layout_basic, lemuel_doored_altar, first_ration
D:4:      layout_gridville, gup_sewer_entry_pipe
D:5:      layout_cave_pools, makhleb_altar_promises_db
D:6:      layout_gridville, nicolae_ossuary_entry_catacombs
D:7:      layout_basic, temple_fountains, grunt_livestock
D:8:      layout_rooms, dpeg_lair_monsters, uniq_harold
D:9:      layout_gridville, hangedman_ru_absence
D:10:     layout_roguey [special_room_orc], uniq_grum
Lair:1:   layout_gridlike, gammafunk_ghost_berserking_beasts, grunt_megastairs_2

Skill      XL: |  1  2  3  4  5  6  7  8  9 10 11 |
---------------+----------------------------------+-----
Slings         | 6 7 8 |  8.2
Fighting       | 2 3 4 5 6 |  6.5
Armour         | 1 2 3 5 7 |  7.7
Short Blades   | 1 2 4 |  4.1
Throwing       | 1 2 3 4 |  4.7
Dodging        | 3 |  3.6
Long Blades    | 1 4 7 10 11 | 11.3
Stealth        | 2 |  2.5

Action                   |  1- 3 |  4- 6 |  7- 9 | 10-12 || total
-------------------------+-------+-------+-------+-------++-------
Melee: Short sword       |    37 |   137 |   281 |       ||   455
       Long sword        |       |       |   299 |   513 ||   812
 Fire: Hunting sling     |    62 |    36 |       |       ||    98
Throw: Stone             |       |    76 |    88 |    55 ||   219
  Use: Scroll            |       |     3 |     4 |     1 ||     8
       Potion            |       |     3 |     4 |     3 ||    10
 Stab: Sleeping          |       |     1 |       |       ||     1
  Eat: Chunk             |       |     3 |     5 |       ||     8
       Ration            |       |     2 |     3 |     3 ||     8
Armor: Leather armour    |     8 |    12 |     3 |       ||    23
       Plate armour      |       |       |   513 |   180 ||   693
Dodge: Dodged            |    34 |   112 |   178 |   103 ||   427
       Rpst.: Long sword |       |       |    33 |    27 ||    60

Table legend:
 A = Non-vault XP
 B = Vault XP
 C = Vault XP percentage of total XP
 D = Non-vault monster count
 E = Vault monster count
 F = Vault count percentage of total count
                 A         B        C        D         E       F
            +---------+---------+-------+---------+---------+-------
      Total |    5665 |    6114 |  51.9 |     174 |      32 |  15.5
            +---------+---------+-------+---------+---------+-------
        D:1 |      43 |       0 |   0.0 |      23 |       0 |   0.0
        D:2 |      97 |       2 |   2.0 |      26 |       1 |   3.7
        D:3 |      94 |       0 |   0.0 |      20 |       0 |   0.0
        D:4 |     313 |      17 |   5.2 |      12 |       6 |  33.3
        D:5 |     810 |       0 |   0.0 |      22 |       0 |   0.0
        D:6 |     632 |     209 |  24.9 |      14 |       6 |  30.0
        D:7 |    1494 |     990 |  39.9 |      24 |       5 |  17.2
        D:8 |     991 |    2853 |  74.2 |      24 |       9 |  27.3
        D:9 |      75 |     868 |  92.0 |       2 |       1 |  33.3
     Lair:1 |    1116 |    1175 |  51.3 |       7 |       4 |  36.4
            +---------+---------+-------+---------+---------+-------
